 Dungeon Crawl Stone Soup version 0.15-a0-60-g2d7d1c5 (webtiles) character file.

1423 Kae the Basher (level 8, -9/64 HPs)
             Began as a Minotaur Fighter on Apr 6, 2014.
             Was a Follower of Okawaru.
             Mangled by an orc warrior
             ... wielding a +0,+0 halberd
              (19 damage)
             ... on Level 7 of the Dungeon.
             The game lasted 00:05:23 (4982 turns).

Kae the Basher (Minotaur Fighter)                   Turns: 4982, Time: 00:05:23

HP  -9/64        AC  9     Str 21      XL: 8   Next: 23%
MP   3/3         EV  7     Int  7      God: Okawaru [*.....]
Gold 201         SH 19     Dex 10      Spells:  0 memorised,  7 levels left

rFire  . . .     SeeInvis .     a - +0,+1 flail
rCold  . . .     Clarity  .     b - +0 scale mail
rNeg   . . .     Conserve .     c - +0 shield
rPois  .         rCorr    .     (helmet restricted)
rElec  .         rRot     .     i - +1 cloak
SustAb . .       Spirit   .     (no gloves)
rMut   .         Warding  .     (no boots)
Saprov . . .     Stasis   .     n - amulet of rage
MR     .....                    (no ring)
                                q - +1 ring of evasion

@: not resistant to hostile enchantments, extremely unstealthy
A: retaliatory headbutt, horns 2
a: Heroism, Renounce Religion, Evoke Berserk Rage


You were on level 7 of the Dungeon.
You worshipped Okawaru.
Okawaru was aware of your devotion.
You were hungry.

You visited 1 branch of the dungeon, and saw 7 of its levels.
You also visited: Sewer.

You collected 201 gold pieces.

Inventory:

Hand weapons
 a - a +0,+1 flail (weapon)
Armour
 b - a +0 scale mail (worn)
 c - a +0 shield (worn)
 i - a +1 cloak (worn)
Magical devices
 r - a wand of enslavement (11) {unknown}
 u - a wand of heal wounds (2) {unknown}
 v - a wand of paralysis (17) {unknown}
Comestibles
 d - 6 bread rations
 f - 3 chokos
 t - a meat ration
 A - a pear
Scrolls
 g - 8 scrolls of teleportation
 h - 2 scrolls of enchant weapon II
 j - 5 scrolls of remove curse
 o - 2 scrolls of identify
 s - a scroll of enchant armour
 C - 2 scrolls of immolation
Jewellery
 n - an amulet of rage (around neck)
 q - a +1 ring of evasion (left hand)
Potions
 e - 7 potions of heal wounds
 k - 3 potions of restore abilities
 l - 3 potions of brilliance
 m - 6 potions of curing
 p - a potion of confusion {unknown}
 x - 3 potions of might
 z - a potion of flight {unknown}
 B - a potion of poison {unknown}
 D - a potion of decay {unknown}
Rods
 y - a +0 rod of destruction (9/9)
   (You found it on level 5 of the Dungeon)


   Skills:
 - Level 3.6 Fighting
 + Level 11.8 Maces & Flails
 - Level 3.6 Armour
 - Level 3.6 Shields


You had 7 spell levels left.
You didn't know any spells.

Dungeon Overview and Level Annotations

Branches:
Dungeon (7/15)             Temple (0/1) D:6

Altars:
Dithmenos
Kikubaaqudgha
Makhleb
Okawaru


Innate Abilities, Weirdness & Mutations

You reflexively headbutt those who attack you in melee.
You have a pair of horns on your head.


Message History

Okawaru accepts your kill.
The orc warrior hits you from afar with a halberd!
Things that are here:
a flail; a giant gecko corpse; a giant frog corpse You hit the orc warrior but do no damage.
The orc warrior hits you but does no damage.
You hit the orc warrior but do no damage.
You headbutt the orc warrior, but do no damage.
You block the orc warrior's attack.
Your shield and scale mail prevent you from hitting the orc warrior.
The orc warrior hits you with a halberd!
You barely miss the orc warrior. You headbutt the orc warrior.
The orc warrior is lightly wounded.
The orc priest calls down the wrath of Beogh upon you.
Something smites you!
The orc priest invokes the aid of Beogh against you.
Something smites you!
* * * LOW HITPOINT WARNING * * *
The orc warrior hits you from afar with a halberd!
You die...

# .# ####.###
#......# . #...<..#
..> #....(.#
......#####o.....##
#.....@)oo........
##########.......
....... .......
...... ..... .... .


You could see an orc warrior, an orc priest and an orc.

Vanquished Creatures
  An ogre (D:6)
  2 phantoms (D:5)
  2 giant frogs
  3 big kobolds (Sewer)
  The ghost of dadoka the Ruffian, an average VSMo (D:3)
  3 crimson imps
  2 hounds
  An orc priest (D:5)
  A worker ant (D:6)
  A worker ant zombie (D:5)
  8 adders
  A worm zombie (D:6)
  An inept feature mimic (Sewer)
  7 green rats
  2 shadow imps
  4 worms
  A giant mite (D:5)
  4 giant geckos
  An ooze (D:4)
  5 orcs
  5 ball pythons
  11 bats
  9 goblins
  11 hobgoblins
  13 jackals
  4 quokkas
  3 giant cockroaches
  2 giant newts
  A giant newt skeleton (D:5)
  A goblin skeleton (D:5)
  20 kobolds
  An orc skeleton (D:5)
  A quokka skeleton (D:5)
  A quokka zombie (D:5)
  30 rats
164 creatures vanquished.

Notes
Turn   | Place    | Note
--------------------------------------------------------------
     0 | D:1      | Kae, the Minotaur Fighter, began the quest for the Orb.
     0 | D:1      | Reached XP level 1. HP: 19/19 MP: 1/1
   169 | D:1      | Reached XP level 2. HP: 19/26 MP: 1/1
   659 | D:1      | Reached skill level 4 in Maces & Flails
   760 | D:2      | Reached XP level 3. HP: 25/31 MP: 2/2
  1374 | D:3      | Reached skill level 5 in Maces & Flails
  1478 | D:3      | Noticed dadoka's ghost (average VSMo)
  1710 | D:3      | Reached XP level 4. HP: 37/39 MP: 2/2
  1936 | D:3      | Killed dadoka's ghost
  1936 | D:3      | Reached skill level 6 in Maces & Flails
  1936 | D:3      | Reached XP level 5. HP: 36/45 MP: 2/2
  2052 | D:4      | Found an iron altar of Okawaru.
  2112 | D:4      | Became a worshipper of Warmaster Okawaru
  2147 | D:4      | Reached skill level 7 in Maces & Flails
  2201 | D:4      | Found a burning altar of Makhleb.
  2573 | D:5      | Entered Level 5 of the Dungeon
  2588 | D:5      | Found a glowing drain.
  2619 | Sewer    | Entered a sewer
  2651 | Sewer    | Reached XP level 6. HP: 41/51 MP: 3/3
  2771 | Sewer    | Reached skill level 8 in Maces & Flails
  2912 | Sewer    | Reached skill level 9 in Maces & Flails
  2918 | Sewer    | Acquired Okawaru's first power
  2918 | Sewer    | Reached XP level 7. HP: 31/57 MP: 3/3
  3472 | D:5      | Found an ancient bone altar of Kikubaaqudgha.
  3655 | D:5      | Noticed a phantom
  3670 | D:5      | Killed a phantom
  3670 | D:5      | Reached skill level 10 in Maces & Flails
  4208 | D:5      | Found a shadowy altar of Dithmenos.
  4208 | D:5      | Noticed a phantom
  4222 | D:5      | Killed a phantom
  4416 | D:6      | Reached skill level 11 in Maces & Flails
  4614 | D:6      | Reached XP level 8. HP: 64/64 MP: 3/3
  4938 | D:6      | Found a staircase to the Ecumenical Temple.
  4982 | D:7      | Mangled by an orc warrior

Action                   |  1- 3 |  4- 6 |  7- 9 || total
-------------------------+-------+-------+-------++-------
Melee: Flail             |   116 |   170 |   146 ||   432
  Use: Potion            |     1 |     2 |       ||     3
       Scroll            |     1 |       |     8 ||     9
